 Dungeon Crawl Stone Soup version 0.31-a0-626-g8143ab4f1d (webtiles) character file.

Game seed: 503716889256575691

18 Joey1 the Changeling (level 2, -2/22 HPs)
             Began as a Merfolk Shapeshifter on Aug 24, 2023.
             Slain by a kobold
             ... wielding a +0 club
              (3 damage)
             ... on level 1 of the Dungeon.
             The game lasted 00:00:46 (170 turns).

Joey1 the Changeling (Merfolk Shapeshifter)          Turns: 170, Time: 00:00:46

Health: -2/22      AC:  2    Str: 15    XL:     2   Next: 70%
Magic:  2/2        EV: 13    Int:  7    God:
Gold:   17         SH:  0    Dex: 14    Spells: 1/1 levels left

rFire   . .          .
                       - Unarmed
rCold   . . .        (no shield)
rNeg    . . .        a - +0 animal skin
rPois   .            (helmet currently unavailable)
rElec   .            (cloak currently unavailable)
rCorr   .            (gloves currently unavailable)
SInv    .            (boots currently unavailable)
Will    .....        (no amulet)
Stlth   +            (no ring)
HPRegen 0.23/turn    (no ring)
MPRegen 0.08/turn

%: no passive effects
@: beast-form
A: beast (slay +2), (nimble swimmer 2), mertail
a: Begin Untransformation


You were on level 1 of the Dungeon.
You were a hulking beast.
You visited 1 branch of the dungeon, and saw 1 of its levels.

You collected 17 gold pieces.

Inventory:

Armour
 a - a +0 animal skin (worn)
Talismans
 c - a beast talisman (active)
 d - a flux talisman
Scrolls
 e - a scroll of teleportation {unknown}
 f - a scroll of noise {unknown}
 g - a scroll of amnesia {unknown}
Potions
 b - a potion of lignification


   Skills:
 + Level 1.6 Fighting
 + Level 3.1 Dodging
 + Level 3.5 Unarmed Combat
 + Level 4.3 Shapeshifting


You had one spell level left.
You didn't know any spells.
Your spell library was empty.

Dungeon Overview and Level Annotations

Branches:
Dungeon (1/15)

Altars:


Innate Abilities, Weirdness & Mutations

You are a hulking beast.
Your limbs bulge with bestial killing power. (Slay +2)
((You are very nimble when in or above water. (Stealth+, EV+, Speed+++)))
Your lower body shifts to a powerful aquatic tail in water.


Message History

The jackal closely misses you. The jackal barely misses you.
You hit the jackal.
You kill the jackal!
The jackal misses you. The goblin barely misses you.
The jackal barely misses you. The goblin hits you but does no damage.
Things that are here:
a jackal corpse; a jackal corpse; a ball python corpse You are too injured to fight recklessly!
Unknown command.
You are too injured to fight recklessly!
You barely miss the jackal. The jackal closely misses you.
A kobold comes into view. It is wielding a +0 club.
The goblin hits you but does no damage. The jackal closely misses you.
The kobold shouts!
You hit the jackal but do no damage. The jackal bites you.
* * * LOW HITPOINT WARNING * * *
The goblin hits you but does no damage.
You barely miss the jackal. The jackal misses you.
The goblin closely misses you.
You punch the jackal!
You kill the jackal!
The goblin closely misses you.
You see here a jackal corpse.
You barely miss the goblin. The goblin closely misses you.
You closely miss the goblin. You hit the goblin.
You kill the goblin!
The kobold hits you with a +0 club.
* * * LOW HITPOINT WARNING * * *
The kobold closely misses you.
Items here: ) ††††.
The kobold hits you with a +0 club.
* * * LOW HITPOINT WARNING * * *
You see here a jackal corpse.
You closely miss the kobold. The kobold barely misses you.
You hit the kobold but do no damage. You hit the kobold.
The kobold is moderately wounded.
The kobold hits you with a +0 club.
You die...

##.##.#.####....~≈≈≈≈≈≈≈~..
#.#....# ################
#......# #........ #####..#
#........ #.....# #........
#.....# #........ #.....#
#......$. #.....# #........
#?....######hK......
###†#†......).......
..........†..........
......?..............
............#..###~..~#
............#.#.. #~≈#.
..............#.⌠. ≈~#
..............#...# ≈#
..........#..###≈≈ ≈


You could see a kobold.

Vanquished Creatures
  A dart slug (D:1)
  A ball python (D:1)
  A goblin (D:1)
  6 jackals (D:1)
  A kobold (D:1)
  A quokka (D:1)
  A bat (D:1)
  A frilled lizard (D:1)
  A rat (D:1)
14 creatures vanquished.

Notes
Turn   | Place    | Note
-------+----------+-------------------------------------------
     0 | D:1      | Joey1 the Merfolk Shapeshifter began the quest for the Orb.
     0 | D:1      | Reached XP level 1. HP: 15/15 MP: 1/1
    47 | D:1      | Reached XP level 2. HP: 7/21 MP: 2/2
   167 | D:1      | HP: 1/22 [kobold/+0 club (3)]
   170 | D:1      | Slain by a kobold

Illustrated notes

Levels and vault maps discovered:
D:1:      nzn_arrival_depleted_hourglass, layout_basic, serial_shops,
          nicolae_shop_rolling_square, fountainhead, minmay_3d_cube

Skill      XL: |  1  2 |
---------------+-------+-----
Dodging        | 3 |  3.1
Fighting       | |  1.6
Unarmed Combat | |  3.5
Shapeshifting  | |  4.3

Action                     || total
---------------------------++-------
  Melee: Unarmed           ||    41
         Punch             ||     2
 Armour: Animal skin       ||    10
  Dodge: Dodged            ||    44

Table legend: (Time is in decaauts)
 A = Elapsed time spent in this place.
 B = Non-inter-level travel time spent in this place.
 C = Inter-level travel time spent in this place.
 D = Time resting spent in this place.
 E = Time spent auto-exploring this place.
 F = Levels seen in this place.
 G = Mean time per level.
                   A        B        C        D        E       F      G
               +--------+--------+--------+--------+--------+-----+--------+
         Total |    167 |    167 |      0 |      0 |     99 |   1 |  167.0 |
       Dungeon |    167 |    167 |      0 |      0 |     99 |   1 |  167.0 |
               +--------+--------+--------+--------+--------+-----+--------+

Top non-repeatable levels by time:
     D:1: 167 daAuts
